 Dungeon Crawl Stone Soup version 0.23-a0-335-gba3dfdf (webtiles) character file.

55 George the Skirmisher (level 3, -11/29 HPs)
             Began as a Demonspawn Fighter on Oct 17, 2018.
             Mangled by an ogre
             ... wielding a +0 giant club
              (21 damage)
             ... on level 2 of the Dungeon.
             The game lasted 00:02:23 (1505 turns).

George the Skirmisher (Demonspawn Fighter)          Turns: 1505, Time: 00:02:24

Health: -11/29     AC:  9    Str: 17    XL:     3   Next: 67%
Magic:  3/3        EV:  7    Int:  9    God:
Gold:   44         SH:  9    Dex: 15    Spells: 2/2 levels left

rFire    + . .     SeeInvis .   a - +0 long sword
rCold    . . .     Gourm    .   c - +0 shield
rNeg     . . .     Faith    .   b - +0 scale mail
rPois    .         Spirit   .   (no helmet)
rElec    .         Reflect  .   (no cloak)
rCorr    .         Harm     .   (no gloves)
MR       .....                  l - +0 pair of boots
Stlth    ..........             (no amulet)
HPRegen  0.09/turn              j - +3 ring of dexterity
MPRegen  0.08/turn              (no ring)

@: no status effects
A: yellow scales 1, fire resistance 1
a: no special abilities


You were on level 2 of the Dungeon.
You were very hungry.

You visited 1 branch of the dungeon, and saw 2 of its levels.

You collected 44 gold pieces.

Inventory:

Hand Weapons
 a - a +0 long sword (weapon)
Armour
 b - a +0 scale mail (worn)
 c - a +0 shield (worn)
 l - a +0 pair of boots (worn)
Jewellery
 j - a +3 ring of dexterity (left hand)
Scrolls
 e - 3 scrolls of teleportation {unknown}
 h - a scroll of enchant weapon {unknown}
 k - a scroll of noise {unknown}
 m - a scroll of fear {unknown}
 n - a scroll of identify {unknown}
Potions
 d - a potion of might
 g - a potion of brilliance {unknown}
 i - a potion of magic {unknown}
Comestibles
 f - 3 rations


   Skills:
 + Level 3.4 Fighting
 * Level 2.6 Long Blades
 + Level 3.1 Armour
 + Level 3.0 Shields


You had 2 spell levels left.
You didn't know any spells.
Your spell library was empty.

Dungeon Overview and Level Annotations

Branches:
Dungeon (2/15)

Altars:
Gozag


Innate Abilities, Weirdness & Mutations

You are partially covered in yellow scales. (AC +2)
Your flesh is heat resistant. (rF+)


Message History

You are feeling very hungry.
You start resting.
HP restored.
Done exploring.
You climb downwards.
The ogre barely misses you.
You riposte.
You slash the ogre!
The ogre is heavily wounded.
There is a stone staircase leading up here.
You hit the ogre.
The ogre is heavily wounded.
The ogre hits you with a +0 giant club!
You slash the ogre!
The ogre is almost dead.
The ogre hits you with a +0 giant club!
You hit the ogre but do no damage.
The ogre is almost dead.
The ogre hits you with a +0 giant club.
The ogre hits you with a +0 giant club!!
Ouch! That really hurt!
You die...

#...................#
#.###########.#.###.# #.# #<#.#.#
#.# #.# #.#.#.# #.##### ###)####
#.#.#.###...... #......#
#.#.#.......... #.#.##.#
#.#.#####...... #.#..#.# ####.#.#
#......
######.##.#.###@##.#.#####......
#....#.##.#.#.O......#.......###
#....#.##.#.#.#.##.###.###...#
#....#.##.#.#.#.#......# #)..#
##....#(##.#.#.#.##########...###
......(..........................
##..).######.#...##.#######......
##....# #.#.#.##.#............
..##########+#.#.##.#............


You could see an ogre.

Vanquished Creatures
  2 adders (D:2)
  4 dart slugs
  2 ball pythons (D:1)
  A giant cockroach (D:1)
  5 hobgoblins
  2 jackals (D:1)
  2 bats
  2 frilled lizards
  2 goblins
  6 kobolds
  2 rats
30 creatures vanquished.

Notes
Turn   | Place    | Note
-------+----------+-------------------------------------------
     0 | D:1      | George the Demonspawn Fighter began the quest for the Orb.
     0 | D:1      | Reached XP level 1. HP: 18/18 MP: 1/1
   194 | D:1      | Gained mutation: Your flesh is heat resistant. (rF+)
                  | [demonic ancestry]
   194 | D:1      | Reached XP level 2. HP: 17/24 MP: 2/2
   861 | D:2      | Gained mutation: You are partially covered in yellow
                  | scales. (AC +2) [demonic ancestry]
   861 | D:2      | Reached XP level 3. HP: 28/29 MP: 3/3
  1248 | D:2      | Found an opulent altar of Gozag.
  1282 | D:2      | Noticed an ogre
  1505 | D:2      | Mangled by an ogre

Vault maps used:
D:1:      dpeg_arrival_arbitrary_a
D:2:      marbit_many_paths, grunt_gozag_breadcrumbs

Skill      XL: |  1  2  3 |
---------------+----------+-----
Long Blades    | 2 |  2.6
Shields        | 3 |  3.0
Armour         | 3 |  3.1
Fighting       | |  3.4

Action                   || total
-------------------------++-------
Melee: Long sword        ||   116
  Eat: Chunk             ||     1
Armor: Scale mail        ||    59
Dodge: Dodged            ||    29
Block: Shield            ||    74
       Rpst.: Long sword ||    14

Table legend:
 A = Non-vault XP
 B = Vault XP
 C = Vault XP percentage of total XP
 D = Non-vault monster count
 E = Vault monster count
 F = Vault count percentage of total count
                 A         B        C        D         E       F
            +---------+---------+-------+---------+---------+-------
      Total |      79 |       0 |   0.0 |      30 |       0 |   0.0
            +---------+---------+-------+---------+---------+-------
        D:1 |      37 |       0 |   0.0 |      19 |       0 |   0.0
        D:2 |      42 |       0 |   0.0 |      11 |       0 |   0.0
            +---------+---------+-------+---------+---------+-------
